 Dungeon Crawl Stone Soup version 0.32-a0-120-gfac0567ad4 (webtiles) character file.

Game seed: 5581270812041085422

42547 jasper the Metamorph (level 14, -5/126 HPs)
             Began as an Octopode Shapeshifter on Feb 7, 2024.
             Was a High Priest of Wu Jian.
             Hit by a large rock thrown by a cyclops (21 damage)
             ... on level 11 of the Dungeon.
             The game lasted 00:24:18 (16685 turns).

jasper the Metamorph (Octopode Shapeshifter)       Turns: 16685, Time: 00:24:19

Health: -5/126     AC: 26    Str: 14    XL:     14   Next: 20%
Magic:  14/14      EV: 19    Int: 12    God:    Wu Jian [*****.]
Gold:   1174       SH: 10    Dex: 22    Spells: 13/13 levels left

rFire   . .          .
                       - Unarmed
rCold   . . .        n - +0 buckler
rNeg    + + .        (helmet restricted)
rPois   ∞            j - amulet of reflection
rElec   +            e - ring of see invisible
rCorr   +            z - +6 ring of dexterity
SInv    +            I - ring of resist corrosion
Will    +....        K - ring of positive energy
Stlth   ++++         (no ring)
HPRegen 0.41/turn    (no ring)
MPRegen 0.14/turn    (no ring)
                     (no ring)

%: reflection
@: statue-form, studying Unarmed Combat, very slow
A: slow and powerful, torment resistance 1, boosted hp, almost no armour,
amphibious, 8 rings, camouflage 1, (gelatinous body 1), (nimble swimmer 1),
tentacles
a: Begin Untransformation, Renounce Religion, Wall Jump, Serpent's Lash,
Heavenly Storm


You were on level 11 of the Dungeon.
You worshipped Wu Jian.
Wu Jian was extremely pleased with you.
You were a living statue of rough stone.
You visited 3 branches of the dungeon, and saw 17 of its levels.

You collected 1174 gold pieces.

Inventory:

Missiles
 a - 11 javelins
 d - 17 poisoned darts (quivered)
 u - 82 stones
 w - 5 throwing nets
 F - 12 curare-tipped darts
Armour
 n - a +0 buckler (worn)
 r - an orb of wrath
Jewellery
 e - a ring of see invisible (left tentacle)
 h - an amulet of faith
 j - an amulet of reflection (around mantle)
 z - a +6 ring of dexterity (right tentacle)
 I - a ring of resist corrosion (on tentacle)
 K - a ring of positive energy (on tentacle)
Talismans
 b - a beast talisman
 c - a flux talisman
 B - a granite talisman (active)
Wands
 p - a wand of acid (7)
 s - a wand of roots (9)
 t - a wand of polymorph (26)
 y - a wand of flame (21)
 A - a wand of charming (11)
 J - a wand of digging (5)
Scrolls
 g - 2 scrolls of enchant armour
 i - 3 scrolls of torment
 k - 5 scrolls of immolation
 m - 4 scrolls of vulnerability
 x - 2 scrolls of noise
 C - 5 scrolls of identify
 E - a scroll of enchant weapon
 G - a scroll of amnesia
 L - a scroll of poison
Potions
 f - 8 potions of curing
 l - 3 potions of enlightenment
 o - a potion of mutation
 q - 2 potions of degeneration
 v - a potion of magic
 D - 2 potions of might


   Skills:
 - Level 10.0 Fighting
 - Level 10.0 Dodging
 - Level 4.5 Stealth
 - Level 11.0 Unarmed Combat
 + Level 15.8 Shapeshifting


You had 13 spell levels left.
You didn't know any spells.
Your spell library contained the following spells:

 Spells                   Type           Power      Damage    Failure   Level
 Apportation              Tloc           0%         N/A       41%         1
 Foxfire                  Conj/Fire      0%         2x1d4     41%         1
 Cigotuvi's Dreadful Rot  Necr/Alch/Air  0%         N/A       56%         2
 Jinxbite                 Hex            0%         N/A       56%         2
 Stone Arrow              Conj/Erth      0%         3d7       80%         3
 Dispel Undead            Necr           0%         3d6       99%         4
 Ignite Poison            Fire/Alch      0%         N/A       99%         4
 Martyr's Knell           Necr/Summ      0%         N/A       99%         4
 Alistair's Intoxication  Alch           0%         N/A       100%        5
 Freezing Cloud           Conj/Ice/Air   0%         6-21      100%        5
 Summon Forest            Summ/Tloc      0%         N/A       100%        5
 Summon Mana Viper        Hex/Summ       0%         N/A       100%        5
 Death Channel            Necr           0%         N/A       100%        6
 Plasma Beam              Fire/Air       0%         2x1d10    100%        6
 Sculpt Simulacrum        Ice/Alch       0%         N/A       100%        6
 Starburst                Conj/Fire      0%         6d3       100%        6
 Summon Cactus Giant      Summ           0%         N/A       100%        6
 Ozocubu's Refrigeration  Ice            0%         4d7       100%        7
 Lehudib's Crystal Spear  Conj/Erth      0%         10d2      100%        8
 Polar Vortex             Ice            0%         N/A       100%        9
 Animate Armour           Summ/Erth      Unusable   N/A       N/A         4

Dungeon Overview and Level Annotations

Branches:
Dungeon (11/15)            Temple (1/1) D:6            Lair (5/5) D:10
 Shoals (0/4) Lair:3        Snake (0/4) Lair:2        Slime (0/5) Lair:5
    Orc (0/2) D:11

Altars:
Ashenzari
Cheibriados
Dithmenos
Elyvilon
Fedhas
Gozag
Hepliaklqana
Kikubaaqudgha
Makhleb
Nemelex Xobeh
Okawaru
Qazlal
Ru
Sif Muna
Trog
Uskayaw
Vehumet
Wu Jian
Xom
Yredelemnul
Zin

Annotations:
D:5 1 runed translucent door, bakla's ghost, amateur HuEE
D:9 1 runed translucent door, mycrawlcharacter's ghost, novice MiBe


Innate Abilities, Weirdness & Mutations

You are a living statue of rough stone.
Your actions are slow, but your melee attacks are powerful.
You are resistant to unholy torment.
Your maximum health is increased.
You cannot wear most types of armour.
You are amphibious.
You can wear up to eight rings at the same time.
You are immune to poison.
Your skin changes colour to match your surroundings (Stealth+).
((Your rubbery body absorbs attacks. (AC +1, EV +1)))
((You are camouflaged when in or above water. (Stealth+)))
You have tentacles for arms and can constrict up to eight enemies at once.


Message History

The acid dragon is heavily wounded.
You spin and attack the cyclops repeatedly.
You bludgeon the cyclops!
The cyclops is moderately wounded.
You tentacle-slap the cyclops.
The cyclops is heavily wounded.
The sentinel's mark upon you fades away.
The gnoll sergeant closely misses you.
The cyclops throws a large rock.
The large rock hits you!
* * * LOW HITPOINT WARNING * * *
You block the acid dragon's attack. x2; The cyclops throws a large rock.
The large rock completely misses the orc wizard.
The large rock barely misses you. The gnoll sergeant closely misses you.
You take 12 damage, and have 37/126 hp.
Unknown command.
You spin and attack the acid dragon repeatedly.
You batter the acid dragon!!
You kill the acid dragon!
The Council accepts your kill.
The acid dragon scales are intact enough to wear.
You spin and attack the gnoll sergeant.
You batter the gnoll sergeant!! You tentacle-slap the gnoll sergeant.
The gnoll sergeant is almost dead.
You spin and attack the cyclops.
You bludgeon the cyclops!
The cyclops is heavily wounded.
You block the troll's attack. The troll claws you but does no damage.
You block the troll's attack. The troll closely misses you. x2
The troll claws you.
* * * LOW HITPOINT WARNING * * *
The cyclops hits you!!
* * * LOW HITPOINT WARNING * * *
Things that are here:
a +0 giant club; a +0 giant spiked club You take 22 damage, and have 15/126 hp.
Unknown command.
Blink to where?
Press: ? - help, Dir - move target
As you read the scroll of blinking, it crumbles to dust.
The cyclops throws a large rock.
The large rock hits you!!
You die...

..#........... #...........#
....###..###..#
#.............. #.<## ..#
#..###............... ###.#
...# #..#..##..#..........
.# ..##
#.................#.. .. ..#
##......#......V..#... ...
....#.................#.#.
##..
...........g#.......##.. ...
.......I.TCoC........#..
....#.##...#.[§C..##..##....
#..<.#..O...>.........
#.#..$...C..)).......# #
#..........(.......#
...............).....
...............)......
..............))......
>...............).....


You could see a two-headed ogre, 4 cyclopes, a troll, a gnoll sergeant and an
orc wizard (invisible).

Vanquished Creatures
  Harold (D:10)
  Erolcha (D:10)
  A hydra (Lair:3)
  A catoblepas (Lair:2)
  3 two-headed ogres
  Urug (D:10)
  Amaemon (Lair:1)
  A cyclops (D:9)
  A salamander (Lair:2)
  2 wolf spiders (Lair:5)
  An ugly thing (D:7)
  8 black mambas
  8 elephants
  Joseph (D:7)
  An orange demon (Lair:1)
  A guardian serpent (Lair:5)
  A torpor snail (Lair:2)
  A kobold demonologist (D:11)
  2 rime drakes (Lair:3)
  10 cane toads
  14 komodo dragons
  A tengu conjurer (D:9)
  3 polar bears
  4 trolls
  3 hornets
  13 blink frogs
  2 slime creatures (Lair:5)
  Sigmund (D:2)
  29 yaks
  A basilisk (Lair:3)
  17 wyverns
  2 wraiths (D:10)
  A vampire mosquito (D:11)
  Edmund (D:5)
  3 acid dragons (D:11)
  22 water moccasins
  10 orc warriors
  An ice beast (D:8)
  2 sky beasts (D:6)
  A black bear (D:10)
  9 centaurs
  17 wolves
  3 kobold brigands
  10 bullfrogs
  A gnoll sergeant (D:7)
  5 scorpions
  4 wights (D:9)
  A killer bee (D:11)
  5 howler monkeys
  A bombardier beetle (D:4)
  2 lava snakes (Lair:2)
  5 jellies
  9 orc priests
  4 hounds
  2 quasits (D:7)
  3 sleepcaps
  4 iguanas
  Ijyb (D:3)
  Terence (D:3)
  Natasha (thrice) (D:2)
  7 orc wizards
  Robin (D:2)
  14 adders
  8 gnolls (D:7)
  4 shadow imps
  3 white imps
  5 ufetubi
  5 dart slugs
  43 orcs
  7 ball pythons
  7 bats
  8 endoplasms
  2 giant cockroaches
  16 goblins
  13 hobgoblins
  3 jackals (D:1)
  4 quokkas
  7 frilled lizards
  15 kobolds
  7 rats
447 creatures vanquished.

Vanquished Creatures (others)
  An unseen horror (D:11)
  2 orcs (D:11)
3 creatures vanquished.

Grand Total: 450 creatures vanquished

Notes
Turn   | Place    | Note
-------+----------+-------------------------------------------
     0 | D:1      | jasper the Octopode Shapeshifter began the quest for the
                  | Orb.
     0 | D:1      | Reached XP level 1. HP: 13/13 MP: 1/1
    34 | D:1      | Reached skill level 1 in Stealth
   142 | D:1      | Found a faded altar of an unknown god.
   146 | D:1      | Reached XP level 2. HP: 18/18 MP: 2/2
   487 | D:1      | Reached XP level 3. HP: 23/23 MP: 3/3
  1282 | D:2      | Reached XP level 4. HP: 17/28 MP: 4/4
  1495 | D:2      | Noticed Sigmund
  1496 | D:2      | Noticed Natasha
  1508 | D:2      | Killed Sigmund
  1509 | D:2      | Reached skill level 5 in Shapeshifting
  1509 | D:2      | Reached XP level 5. HP: 28/33 MP: 5/5
  1518 | D:2      | Killed Natasha
  1519 | D:2      | Reached XP level 6. HP: 29/38 MP: 6/6
  1587 | D:2      | Noticed Natasha
  1593 | D:2      | Noticed Robin
  1596 | D:2      | Killed Natasha
  1649 | D:2      | Killed Robin
  1829 | D:2      | Noticed Natasha
  1835 | D:2      | Killed Natasha
  2257 | D:3      | Noticed Ijyb
  2269 | D:3      | Killed Ijyb
  2367 | D:3      | Found a bloodstained altar of Trog.
  2445 | D:3      | Noticed Terence
  2456 | D:3      | Reached skill level 6 in Shapeshifting
  2464 | D:3      | Killed Terence
  2465 | D:3      | Reached XP level 7. HP: 15/43 MP: 7/7
  2944 | D:3      | Found a hide-covered altar of Uskayaw.
  2965 | D:3      | Found a stormy altar of Qazlal.
  3546 | D:4      | Reached skill level 7 in Shapeshifting
  3723 | D:4      | Found a burning altar of Makhleb.
  3892 | D:5      | Entered Level 5 of the Dungeon
  4182 | D:5      | Noticed Edmund
  4185 | D:5      | Found a runed translucent door.
  4193 | D:5      | Killed Edmund
  4194 | D:5      | Reached XP level 8. HP: 41/51 MP: 8/8
  4229 | D:5      | Noticed bakla's ghost (amateur HuEE)
  4603 | D:5      | Reached skill level 5 in Unarmed Combat
  5044 | D:5      | Identified a scroll of acquirement
  5044 | D:5      | Acquired an amulet of reflection
  5098 | D:6      | Found a shimmering blue altar of Sif Muna.
  5191 | D:6      | Found a staircase to the Ecumenical Temple.
  5200 | Temple   | Entered the Ecumenical Temple
  5215 | Temple   | Became a worshipper of the Wu Jian Council
  5737 | D:6      | Reached XP level 9. HP: 28/58 MP: 9/9
  6158 | D:7      | Noticed Joseph
  6168 | D:7      | Killed Joseph
  6169 | D:7      | Reached skill level 5 in Dodging
  6235 | D:7      | Noticed a two-headed ogre
  6242 | D:7      | Killed a two-headed ogre
  6243 | D:7      | Reached skill level 5 in Fighting
  6368 | D:7      | Found a snail-covered altar of Cheibriados.
  6421 | D:7      | Noticed a red ugly thing
  6423 | D:7      | Reached * piety under Wu Jian
  6434 | D:7      | Killed a brown ugly thing
  6435 | D:7      | Reached XP level 10. HP: 29/68 MP: 10/10
  7892 | D:8      | Reached ** piety under Wu Jian
  8296 | D:9      | Noticed a cyclops
  8348 | D:9      | Killed a cyclops
  8349 | D:9      | Reached skill level 10 in Unarmed Combat
  8547 | D:10     | Entered Level 10 of the Dungeon
  8554 | D:10     | Noticed Urug
  8568 | D:10     | Killed Urug
  8716 | D:10     | Found an iron altar of Okawaru.
  8716 | D:10     | Found an opulent altar of Gozag.
  8716 | D:10     | Noticed Erolcha
  8726 | D:10     | Killed Erolcha
  8766 | D:10     | Noticed Harold
  8893 | D:10     | Reached XP level 11. HP: 72/75 MP: 11/11
  9000 | D:11     | Noticed a two-headed ogre
  9008 | D:11     | Killed a two-headed ogre
  9195 | D:11     | Noticed a cyclops
  9203 | D:11     | HP: 2/77 [acid dragon/splash of acid (21)]
  9667 | D:10     | Killed Harold
  9905 | D:10     | Found a staircase to the Lair.
 10028 | D:10     | Found a blossoming altar of Fedhas.
 10067 | D:9      | Found a runed translucent door.
 10077 | D:9      | Noticed mycrawlcharacter's ghost (novice MiBe)
 10204 | D:9      | Found a sacrificial altar of Ru.
 10356 | D:9      | Reached *** piety under Wu Jian
 10577 | Lair:1   | Entered Level 1 of the Lair of Beasts
 10587 | Lair:1   | Identified the +1 helmet of the Special Ultimatums {Harm}
 11227 | Lair:1   | Reached skill level 10 in Dodging
 11231 | Lair:1   | Reached skill level 10 in Fighting
 11231 | Lair:1   | Reached XP level 12. HP: 55/87 MP: 12/12
 11497 | Lair:1   | Noticed Amaemon
 11622 | Lair:1   | Killed Amaemon
 12071 | Lair:2   | Reached skill level 8 in Shapeshifting
 12393 | Lair:2   | Found a staircase to the Snake Pit.
 12401 | Lair:2   | Reached skill level 9 in Shapeshifting
 12737 | Lair:2   | Noticed a catoblepas
 12756 | Lair:2   | HP: 1/87 [catoblepas/blast of calcifying dust (10)]
 13049 | Lair:2   | Reached **** piety under Wu Jian
 13422 | Lair:2   | Killed a catoblepas
 13605 | Lair:3   | Reached skill level 10 in Shapeshifting
 13656 | Lair:3   | You fall into a shaft and drop 1 floor!
 13718 | Lair:3   | Reached skill level 11 in Shapeshifting
 13798 | Lair:3   | Acquired a manual of Unarmed Combat
 13807 | Lair:3   | Found a staircase to the Shoals.
 13815 | Lair:3   | Noticed a five-headed hydra
 13825 | Lair:3   | Killed a five-headed hydra
 14082 | Lair:3   | Reached XP level 13. HP: 57/92 MP: 13/13
 14171 | Lair:3   | Reached skill level 12 in Shapeshifting
 14675 | Lair:4   | Reached skill level 13 in Shapeshifting
 15088 | Lair:5   | Entered Level 5 of the Lair of Beasts
 15133 | Lair:5   | Reached ***** piety under Wu Jian
 15449 | Lair:5   | Reached skill level 14 in Shapeshifting
 15675 | Lair:5   | Found a staircase to the Slime Pits.
 15988 | Lair:5   | Reached skill level 15 in Shapeshifting
 15995 | Lair:5   | Reached XP level 14. HP: 70/99 MP: 14/14
 16642 | D:11     | Found a staircase to the Orcish Mines.
 16685 | D:11     | Hit by a large rock thrown by a cyclops

Illustrated notes

Levels and vault maps discovered:
D:1:      wander_arrival_peaceful_grave, layout_loops_cross,
          shapermc_ecumenical_altar_gd, minmay_gold_behind_fungi
D:2:      layout_loops_ring, uniq_robin, uniq_natasha, uniq_sigmund
D:3:      layout_basic, mainiacjoe_overflow_chevrons,
          mainiacjoe_overflow_two_lobes, uniq_terence, uniq_ijyb
D:4:      layout_gridville, lemuel_coloured_pillars_altar
D:5:      layout_basic, gammafunk_ghost_grave, uniq_edmund
D:6:      layout_basic, nicolae_sif_muna_condensation, temple_pool_b
D:7:      layout_basic, mainiacjoe_overflow_surrounded_room, serial_demonic,
          serial_demonic_b, serial_demonic_e, serial_demonic_c,
          serial_demonic_g, serial_demonic_a, serial_demonic_f, uniq_joseph
D:8:      layout_gridville, nicolae_overflow_hidden_temple
D:9:      layout_irregular_city, nicolae_ru_sacrificial_ziggurat,
          hellmonk_ghost_big_iron, grunt_tough_drop
D:10:     layout_roguey, kennysheep_mini, jmf_multi_god_temple,
          grunt_lair_entry_orc_guard_hut, uniq_harold, uniq_urug, uniq_erolcha
D:11:     layout_layer_cave, david_orc_5, reono_crystal_passage,
          onia_ninara_cookie
Temple:   bh_familiar_temple
Lair:1:   layout_chaotic_city, uniq_amaemon
Lair:2:   layout_cave_pods, nicolae_snake_entry_warm_welcome
Lair:3:   layout_chaotic_city, minmay_shoals_entry_centaurs
Lair:4:   layout_cave_shapes
Lair:5:   hangedman_lair_tendril_chambers, layout_regular_city,
          minmay_slime_entry_pillars, serial_bayou_shore_b, grunt_megastairs_3

Skill      XL: |  1  2  3  4  5  6  7  8  9 10 11 12 13 |
---------------+----------------------------------------+-----
Stealth        | 2 3 4 |  4.5
Shapeshifting  | 5 6 7 11 15 | 15.8
Fighting       | 2 4 5 7 10 | 10.0
Dodging        | 3 4 6 7 10 | 10.0
Unarmed Combat | 4 6 8 10 11 | 11.0

Action                     |  1- 3 |  4- 6 |  7- 9 | 10-12 | 13-15 || total
---------------------------+-------+-------+-------+-------+-------++-------
  Melee: Unarmed           |    63 |   105 |   265 |   546 |   340 ||  1319
         Constrict         |    17 |    24 |    73 |    90 |    59 ||   263
         Tentacles         |    15 |    20 |    79 |   166 |    77 ||   357
         Punch             |     2 |     5 |     2 |     8 |    34 ||    51
  Throw: Dart              |       |       |       |       |     3 ||     3
Ability: Lunge             |       |       |    17 |    46 |    23 ||    86
         Whirlwind         |       |       |       |   117 |   160 ||   277
         Wall Jump         |       |       |       |       |     1 ||     1
    Use: Scroll            |     3 |       |    12 |    11 |     1 ||    27
         Potion            |       |     2 |     2 |     9 |       ||    13
   Stab: Sleeping          |    13 |     9 |     9 |     8 |     9 ||    48
         Distracted        |       |       |     1 |     1 |     1 ||     3
 Armour: Skin              |    22 |    47 |    81 |   168 |   165 ||   483
  Dodge: Dodged            |    26 |    40 |   173 |   354 |   302 ||   895
  Block: Buckler           |       |       |     7 |    41 |   192 ||   240
         Other             |       |       |    19 |    64 |       ||    83
         Reflection        |       |       |       |    10 |     5 ||    15
   Form: Flux              |       |       |     1 |       |       ||     1
         Statue            |       |       |       |     1 |       ||     1

Table legend: (Time is in decaauts)
 A = Elapsed time spent in this place.
 B = Non-inter-level travel time spent in this place.
 C = Inter-level travel time spent in this place.
 D = Time resting spent in this place.
 E = Time spent auto-exploring this place.
 F = Levels seen in this place.
 G = Mean time per level.
                   A        B        C        D        E       F      G
               +--------+--------+--------+--------+--------+-----+--------+
         Total |  18330 |  17648 |    682 |   3110 |  10954 |  17 | 1078.2 |
       Dungeon |  10962 |  10622 |    340 |   2292 |   6338 |  11 |  996.5 |
        Temple |     32 |      5 |     27 |      0 |      0 |   1 |   32.0 |
          Lair |   7336 |   7022 |    314 |    818 |   4616 |   5 | 1467.2 |
               +--------+--------+--------+--------+--------+-----+--------+

Top non-repeatable levels by time:
  Lair:5: 2098 daAuts
  Lair:2: 1757 daAuts
    D:10: 1517 daAuts
  Lair:3: 1291 daAuts
  Lair:1: 1213 daAuts
     D:5: 1199 daAuts
     D:1: 1157 daAuts
     D:7: 1122 daAuts
     D:9: 1009 daAuts
  Lair:4: 976 daAuts
     D:2: 938 daAuts
     D:3: 926 daAuts
     D:6: 918 daAuts
     D:4: 865 daAuts
     D:8: 862 daAuts
